 Dungeon Crawl Stone Soup version 0.25-a0-404-gc1b5a34292 (webtiles) character file.

Game seed: 4746512496472527266, levelgen mode: deterministic

9450 Johnny the Grappler (level 11, -11/115 HPs)
             Began as a Troll Berserker on Jan 11, 2020.
             Was a High Priest of Trog.
             Mangled by Snorg (19 damage)
             ... on level 10 of the Dungeon.
             The game lasted 00:08:31 (7783 turns).

Johnny the Grappler (Troll Berserker)               Turns: 7783, Time: 00:08:32

Health: -11/115    AC:  9    Str: 30    XL:     11   Next: 23%
Magic:  10/10      EV: 16    Int:  3    God:    Trog [*****.]
Gold:   630        SH:  0    Dex: 15    Spells: 10/10 levels left

rFire    + + .     SeeInvis .     - Unarmed
rCold    . . .     Gourm    +   (no shield)
rNeg     + . .     Faith    .   r - +2 robe {rF+}
rPois    .         Spirit   .   (helmet restricted)
rElec    .         Reflect  .   p - +0 cloak of the Stars {rF+ rN+ Dex+6}
rCorr    +         Harm     .   (gloves unavailable)
MR       .....                  (boots unavailable)
Stlth    +.........             (no amulet)
HPRegen  0.69/turn              l - ring of resist corrosion
MPRegen  0.12/turn              I - +1 ring of evasion

@: berserk cooldown, slowed, very slow
A: large, unfitting armour, claws 3, fast metabolism 3, gourmand, regeneration
1, shaggy fur 1, tough skin 3
a: Berserk, Trog's Hand, Brothers in Arms, Renounce Religion


You were on level 10 of the Dungeon.
You worshipped Trog.
Trog was extremely pleased with you.
You were very full.

You visited 2 branches of the dungeon, and saw 11 of its levels.
You also visited: Ossuary.

You collected 630 gold pieces.

Inventory:

Missiles
 F - 3 throwing nets (quivered)
Armour
 p - the +0 cloak of the Stars (worn) {rF+ rN+ Dex+6}
   (You found it on level 5 of the Dungeon)

   It affects your dexterity (+6).
   It protects you from fire.
   It protects you from negative energy.
 r - a +2 robe of fire resistance (worn)
Jewellery
 l - a ring of resist corrosion (left claw)
 I - a +1 ring of evasion (right claw)
 P - an uncursed amulet of regeneration {unknown}
Wands
 e - a wand of enslavement (9)
 j - a wand of acid (3)
 B - a wand of flame (47)
 J - a wand of digging (8)
 M - a wand of paralysis (11)
 N - a wand of random effects (10)
 Q - a wand of scattershot (3)
Scrolls
 c - 2 scrolls of random uselessness {unknown}
 d - 2 scrolls of teleportation {unknown}
 g - 6 scrolls of enchant weapon
 h - 2 scrolls of blinking {unknown}
 i - 7 scrolls of remove curse
 o - 4 scrolls of noise
 q - 3 scrolls of magic mapping {unknown}
 t - 5 scrolls of amnesia
 u - a scroll of fog {unknown}
 x - a scroll of holy word {unknown}
 y - a scroll of fear {unknown}
 C - a scroll of immolation {unknown}
 D - a scroll of enchant armour {unknown}
 G - a scroll of brand weapon {unknown}
 K - 3 scrolls of identify
Potions
 a - 5 potions of cancellation
 f - 5 potions of lignification
 k - 7 potions of flight {unknown}
 m - a potion of agility {unknown}
 n - a potion of degeneration {unknown}
 s - 3 potions of mutation {unknown}
 v - a potion of might {unknown}
 w - a potion of heal wounds {unknown}
 z - a potion of haste
 A - 2 potions of curing {unknown}
 H - a potion of ambrosia {unknown}
 L - a potion of invisibility {unknown}
Miscellaneous
 E - a phantom mirror
Comestibles
 b - 18 rations
 O - 9 chunks of flesh


   Skills:
 + Level 9.0 Fighting
 + Level 9.0 Dodging
 + Level 10.6 Unarmed Combat


You had 10 spell levels left.
You didn't know any spells.
Your spell library contained the following spells:

 Spells                   Type           Power        Failure   Level  Hunger
 Freeze                   Ice            #...         52%         1    ##.....
 Ozocubu's Armour         Chrm/Ice       #.......     88%         3    ####...
 Hailstorm                Conj/Ice       #.......     99%         4    #####..
 Summon Ice Beast         Ice/Summ       #.......     99%         4    #####..


Dungeon Overview and Level Annotations

Branches:
Dungeon (10/15)            Temple (1/1) D:6         Ossuary (visited)
   Lair: D:8-11         Orc: D:9-12

Altars:
Ashenzari
Cheibriados
Dithmenos
Elyvilon
Fedhas
Gozag
Hepliaklqana
Kikubaaqudgha
Makhleb
Nemelex Xobeh
Okawaru
Qazlal
Ru
Sif Muna
Trog
Uskayaw
Vehumet
Wu Jian
Xom
Yredelemnul
Zin
The Shining One

Shops:
D:3 *

Annotations:
D:10 Snorg


Innate Abilities, Weirdness & Mutations

You are too large for most types of armour.
You have claws for hands.
Your metabolism is lightning-fast.
You like to eat raw meat.
Your natural rate of healing is unusually fast.
You are covered in fur. (AC +1)
You have extremely tough skin. (AC +3)


Message History

Unknown command.
Unknown command.
Unknown command.
Unknown command.
Unknown command.
Okay, then.
Okay, then.
A red film seems to cover your vision as you go berserk!
You feel yourself moving faster!
You feel mighty! Snorg bites you!
* * * LOW HITPOINT WARNING * * *
Snorg closely misses you. Snorg misses you.
You feel a strong urge to attack something.
Snorg rages.
You are too berserk!
You feel your anger nearly subside.
The door flies open with a bang!
You are no longer berserk.
You are exhausted.
You feel yourself slow down. Snorg bites you!!
You die...

.........# #.......#
#.......# .........#
#.......# #.......#
.........# #.......#
#.......# .........+
#.......#####.......#
...).....#
#.......##..........#
.........#
#.......'..##.......#
#######'##
+.......#####.......#
#.# #....T.†#
#...[...# ######.#
#....@..# ######.##
#......# #####'###
#..# ##'###### ..#
##'#### .......#
###+##### #......
.......# #.......#
#...... ..<....#
#.......# #......
.......#####.......#
#......
.......#...'.......#
###......
.......#.###.......#
#.'......


You could see Snorg (berserk).

Vanquished Creatures
  Harold (D:8)
  3 two-headed ogres
  An unseen horror (D:10)
  Joseph (D:8)
  A troll (D:10)
  A vampire (D:9)
  A yak (D:9)
  2 hungry ghosts (D:9)
  Menkaure (Ossuary)
  2 water moccasins
  2 orc warriors
  A black bear (D:6)
  3 ice beasts
  5 sky beasts
  2 phantoms
  A necrophage (D:9)
  10 ogres
  4 centaurs
  A bullfrog (D:9)
  A big kobold (D:8)
  4 scorpions
  A water moccasin zombie (D:8)
  4 wights (D:8)
  5 crimson imps
  2 centaur zombies
  5 jellies
  2 quasits
  A bullfrog zombie (D:9)
  7 hounds
  8 orc priests
  12 orc wizards
  A bullfrog skeleton (D:5)
  A centaur skeleton (D:9)
  3 iguanas
  3 worker ants
  A hound zombie (D:7)
  3 mummies (Ossuary)
  4 gnolls
  13 adders
  A shadow imp (D:10)
  An ooze (D:4)
  2 adder skeletons
  A worm (D:2)
  5 dart slugs
  8 leopard geckos
  53 orcs
  3 ball pythons
  2 giant cockroaches
  4 goblins
  6 hobgoblins
  17 jackals
  5 quokkas
  8 bats
  7 frilled lizards
  7 gnoll skeletons (Ossuary)
  5 gnoll zombies (Ossuary)
  4 goblin skeletons (Ossuary)
  4 goblin zombies
  A hobgoblin skeleton (Ossuary)
  6 hobgoblin zombies (Ossuary)
  10 kobolds
  5 kobold skeletons (Ossuary)
  3 kobold zombies (Ossuary)
  5 orc skeletons (Ossuary)
  4 orc zombies (Ossuary)
  7 rats
  3 rat skeletons (Ossuary)
  5 rat zombies (Ossuary)
316 creatures vanquished.

Notes
Turn   | Place    | Note
-------+----------+-------------------------------------------
     0 | D:1      | Johnny the Troll Berserker began the quest for the Orb.
     0 | D:1      | Reached XP level 1. HP: 22/22 MP: 0/0
   108 | D:1      | Reached XP level 2. HP: 26/29 MP: 1/1
   427 | D:1      | Reached XP level 3. HP: 36/36 MP: 2/2
   733 | D:2      | Reached ** piety under Trog
   753 | D:2      | Found a blossoming altar of Fedhas.
   839 | D:2      | Found a radiant altar of Vehumet.
  1000 | D:2      | Reached XP level 4. HP: 28/45 MP: 3/3
  1371 | D:3      | Reached skill level 4 in Unarmed Combat
  1374 | D:3      | Reached XP level 5. HP: 34/53 MP: 4/4
  1400 | D:3      | Noticed a centaur
  1406 | D:3      | Killed a centaur
  1611 | D:3      | Reached *** piety under Trog
  1639 | D:3      | Found Zin's Purification Station.
  1648 | D:3      | Reached XP level 6. HP: 56/62 MP: 5/5
  1672 | D:3      | Found a glowing silver altar of Zin.
  2255 | D:4      | Noticed an orc warrior
  2266 | D:4      | Killed an orc warrior
  2266 | D:4      | Reached skill level 5 in Unarmed Combat
  2266 | D:4      | Reached XP level 7. HP: 25/70 MP: 6/6
  2662 | D:5      | Entered Level 5 of the Dungeon
  2697 | D:5      | Found a sacrificial altar of Ru.
  2834 | D:5      | Got a pitted cloak
  2840 | D:5      | Identified the cursed +0 cloak of the Stars {rF+ rN+ Dex+6}
                  | (You found it on level 5 of the Dungeon)
  3037 | D:5      | Reached **** piety under Trog
  3323 | D:6      | Found a sand-covered staircase.
  3330 | Ossuary  | Entered an ossuary
  3537 | Ossuary  | Reached skill level 6 in Unarmed Combat
  3570 | Ossuary  | Noticed Menkaure
  3575 | Ossuary  | Killed Menkaure
  3575 | Ossuary  | Reached skill level 5 in Fighting
  3575 | Ossuary  | Reached skill level 5 in Dodging
  3575 | Ossuary  | Reached XP level 8. HP: 46/80 MP: 7/7
  3596 | Ossuary  | Reached ***** piety under Trog
  3596 | Ossuary  | Received a gift from Trog
  3733 | D:6      | Found a staircase to the Ecumenical Temple.
  3748 | Temple   | Entered the Ecumenical Temple
  3972 | D:6      | Found a hazy altar of Hepliaklqana.
  3973 | D:6      | Found a snail-covered altar of Cheibriados.
  4115 | D:6      | Found a glowing golden altar of the Shining One.
  4393 | D:6      | Reached skill level 7 in Unarmed Combat
  4684 | D:7      | Reached XP level 9. HP: 89/89 MP: 8/8
  5033 | D:7      | Noticed a two-headed ogre
  5041 | D:7      | Killed a two-headed ogre
  5041 | D:7      | Reached skill level 8 in Unarmed Combat
  5283 | D:8      | Noticed Harold
  5290 | D:8      | Killed Harold
  5313 | D:8      | Found a snail-covered altar of Cheibriados.
  5321 | D:8      | Reached XP level 10. HP: 102/102 MP: 9/9
  5459 | D:8      | Reached skill level 9 in Unarmed Combat
  5549 | D:8      | Received a gift from Trog
  5672 | D:8      | Noticed a two-headed ogre
  5681 | D:8      | Killed a two-headed ogre
  5839 | D:8      | Noticed Joseph
  5858 | D:8      | Killed Joseph
  6225 | D:9      | Noticed a two-headed ogre
  6233 | D:9      | Killed a two-headed ogre
  6264 | D:9      | Reached skill level 10 in Unarmed Combat
  6661 | D:9      | Received a gift from Trog
  6713 | D:9      | Found an iron altar of Okawaru.
  6949 | D:9      | Reached XP level 11. HP: 113/113 MP: 10/10
  7218 | D:10     | Entered Level 10 of the Dungeon
  7330 | D:10     | Killed an unseen horror
  7622 | D:10     | Found a basalt altar of Yredelemnul.
  7769 | D:10     | Noticed Snorg
  7783 | D:10     | Mangled by Snorg

Levels and vault maps discovered:
D:1:      minmay_arrival_four_loops, layout_basic
D:2:      layout_basic, overflow_temple_1_default, lemuel_crystal_altar
D:3:      layout_basic, zin_purify
D:4:      layout_rooms
D:5:      layout_loops_ring, overflow_temple_1_default, first_ration
D:6:      layout_loops_cross, chequers_temple_overflow_statue_of_worship,
          minmay_temple_entry_mist, basic_altar, enter_ossuary_4
D:7:      minmay_blocky_corners, layout_gridville, grunt_ogre_cave
D:8:      layout_cave_pods, basic_altar, nrook_mini_vaults, uniq_harold,
          uniq_joseph
D:9:      hangedman_cross_stitches, layout_irregular_city, old_standard_altar
D:10:     layout_roguey, basic_altar, st_stairs_14, uniq_snorg
Temple:   regret_index_temple_generic_petals

Skill      XL: |  1  2  3  4  5  6  7  8  9 10 11 |
---------------+----------------------------------+-----
Fighting       | 3 4 5 6 7 8 9 |  9.0
Dodging        | 3 4 5 6 7 8 9 |  9.0
Unarmed Combat | 4 5 6 7 8 10 | 10.6

Action                   |  1- 3 |  4- 6 |  7- 9 | 10-12 || total
-------------------------+-------+-------+-------+-------++-------
Melee: Unarmed           |    92 |   145 |   261 |   271 ||   769
       Punch             |     1 |     2 |     8 |    10 ||    21
Invok: Berserk           |       |     2 |     3 |     3 ||     8
       Trog's Hand       |       |       |       |     1 ||     1
Evoke: Wand              |       |     2 |     1 |       ||     3
  Use: Scroll            |       |       |       |     7 ||     7
 Stab: Sleeping          |       |       |       |     1 ||     1
  Eat: Chunk             |    15 |    13 |    31 |    27 ||    86
       Ration            |       |       |       |     1 ||     1
Armor: Animal skin       |    27 |    44 |       |       ||    71
       Robe              |       |       |    60 |    83 ||   143
Dodge: Dodged            |    43 |    85 |   122 |   194 ||   444

Table legend:
 A = Non-vault XP
 B = Vault XP
 C = Vault XP percentage of total XP
 D = Non-vault monster count
 E = Vault monster count
 F = Vault count percentage of total count
                 A         B        C        D         E       F
            +---------+---------+-------+---------+---------+-------
      Total |    9734 |    3767 |  27.9 |     244 |      70 |  22.3
            +---------+---------+-------+---------+---------+-------
        D:1 |      41 |       0 |   0.0 |      17 |       0 |   0.0
        D:2 |      76 |       0 |   0.0 |      27 |       0 |   0.0
        D:3 |     305 |       0 |   0.0 |      34 |       0 |   0.0
        D:4 |     475 |       0 |   0.0 |      24 |       0 |   0.0
        D:5 |     330 |       0 |   0.0 |      13 |       0 |   0.0
        D:6 |     821 |       2 |   0.2 |      15 |       2 |  11.8
        D:7 |     893 |    1169 |  56.7 |      13 |       4 |  23.5
        D:8 |    2452 |    1447 |  37.1 |      37 |       2 |   5.1
        D:9 |    2491 |     829 |  25.0 |      37 |       9 |  19.6
       D:10 |    1850 |      50 |   2.6 |      27 |       1 |   3.6
    Ossuary |       0 |     270 | 100.0 |       0 |      52 | 100.0
            +---------+---------+-------+---------+---------+-------
